AoeStats
← ska_18

Nomad

508253154Analyzed
3v3 RM · 11d ago on Sep 21, 2026· 36m 41s· 6 players
Game mode
Random Map
Map size
210×210
Population
200
Speed
Normal
Resources
Standard
Victory
Conquest
Starting age
Dark Age
Ending age
Imperial Age
RankedLock teamsTeams togetherTeam positionsShared explorationLock speedFull tech treeHidden civsTurbo modeCheats
Victory
Defeat
🇨🇳 Mongols · China
1035
+11
🇮🇳 Vietnamese · India
986
+13
🇮🇳 Inca · India
986
+13
🇵🇪 Aztecs · Peru
977
-15
🇦🇹 Saracens · Austria
897
-11
🇳🇴 Mongols · Norway
878
-11
TheB0ldOne
9:36 Loom
14:38 Feudal Age
15:08 Double-Bit Axe
18:51 Gold Mining
19:47 Stone Mining
22:14 Castle Age
20:25 Fishing Lines
23:52 Medium Warships
24:44 Bow Saw
27:33 Fletching
27:43 Padded Archer Armor
28:27 Wheelbarrow
27:46 Horse Collar
30:53 Stone Shaft Mining
31:43 Bodkin Arrow
31:48 Crossbowman
32:39 Thumb Ring
33:11 Ballistics
35:26 Leather Archer Armor
35:47 Careening
Bickus Diggus
5:47 Loom
14:23 Feudal Age
15:14 Double-Bit Axe
16:05 Gold Mining
16:22 Champi Runner
20:02 Wheelbarrow
23:32 Castle Age
22:39 Fletching
22:38 Town Watch
26:18 Horse Collar
29:31 Squires
29:46 Heavy Plow
29:56 Bow Saw
30:02 Bow Saw
30:02 Stone Mining
35:10 Thumb Ring
35:04 Bodkin Arrow
35:10 Padded Archer Armor
9630791
6:48 Loom
14:21 Feudal Age
15:08 Double-Bit Axe
15:20 Horse Collar
15:34 Stone Mining
18:14 Castle Age
16:33 Bloodlines
16:44 Bloodlines
17:28 Gold Mining
17:52 Scale Barding Armor
19:43 Bow Saw
19:37 Heavy Plow
21:53 Wheelbarrow
23:53 Forging
23:42 Gold Mining
27:51 Hand Cart
30:09 Stone Shaft Mining
30:02 Fletching
30:13 Padded Archer Armor
31:39 Bodkin Arrow
31:59 Leather Archer Armor
32:16 Leather Archer Armor
32:46 Thumb Ring
33:03 Ballistics
34:08 Husbandry
38:16 Imperial Age
36:31 Murder Holes
ska_18
3:02 Loom
Rømmern
4:05 Loom
14:33 Feudal Age
18:52 Bloodlines
21:04 Scale Barding Armor
27:55 Castle Age
27:20 Gold Mining
27:20 Stone Mining
29:00 Horse Collar
31:13 Double-Bit Axe
35:25 Ballistics
36:28 Gold Shaft Mining
36:28 Stone Shaft Mining
36:12 Fletching
36:23 Padded Archer Armor
marshall_o18
3:21 Loom
14:39 Feudal Age
17:46 Man-at-Arms
18:53 Scale Mail Armor
22:11 Forging
24:05 Castle Age
24:27 Long Swordsman
25:08 Squires
25:49 Chain Mail Armor
Connection lost

Rejoining the realm…

Still unreachable

The connection could not be restored.

Session expired

The server has moved on; the page needs a fresh start.